 Dungeon Crawl Stone Soup version 0.19.0-19-g8c6edcc (webtiles) character file.

135 KarmaPolice the Charmwright (level 4, 0/34 HPs)
             Began as a Vampire Skald on Nov 14, 2016.
             Slain by Natasha (1 damage)
             ... on level 3 of the Dungeon.
             The game lasted 00:07:45 (3421 turns).

KarmaPolice the Charmwright (Vampire Skald)         Turns: 3421, Time: 00:07:46

Health: 0/34       AC:  3    Str: 11    XL:     4   Next: 96%
Magic:  2/8        EV: 11    Int: 14    God:
Gold:   107        SH:  4    Dex: 14    Spells: 4 memorised, 0 levels left

rFire  . . .     SeeInvis +     a - +0 falchion
rCold  . . .     Gourm    .     b - +0 leather armour
rNeg   + . .     Faith    .     e - +0 buckler
rPois  .         Spirit   .     (no helmet)
rElec  .         Reflect  .     (no cloak)
rCorr  .         Harm     .     (no gloves)
MR     .....                    (no boots)
Stlth  +.........               (no amulet)
                                (no ring)
                                (no ring)

@: infused (expiring), slowed, very slow
A: fangs 3, see invisible, unbreathing
a: Bat Form


You were on level 3 of the Dungeon.
You were not thirsty.

You visited 1 branch of the dungeon, and saw 3 of its levels.

You collected 107 gold pieces.

Inventory:

Hand Weapons
 a - a +0 falchion (weapon)
Armour
 b - a +0 leather armour (worn)
 e - a +0 buckler (worn)
Jewellery
 i - an uncursed ring of wizardry {unknown}
Wands
 k - a wand of random effects (19/48)
Scrolls
 g - a scroll of enchant armour {unknown}
 j - a scroll of fog {unknown}
 m - 2 scrolls of identify {unknown}
 n - a scroll of noise {unknown}
Potions
 d - 2 potions of blood
 f - a potion of curing {unknown}
 h - a potion of brilliance {unknown}
 l - a potion of cure mutation {unknown}
Books
 c - a book of Battle

   Spells                             Type                      Level
   a - Infusion                       Charms                       1
   b - Shroud of Golubria             Charms/Translocation         2
   c - Song of Slaying                Charms                       2
   d - Spectral Weapon                Hexes/Charms                 3
   e - Regeneration                   Charms/Necromancy            3


   Skills:
 + Level 2.9 Fighting
 + Level 2.8 Long Blades
 - Level 0.7 Armour
 - Level 1.1 Dodging
 + Level 1.6 Shields
 + Level 2.6 Spellcasting
 + Level 3.8 Charms


You couldn't memorise any spells.
You knew the following spells:

 Your Spells              Type           Power        Failure   Level  Hunger
a - Infusion              Chrm           ##..         10%         1    #......
b - Shroud of Golubria    Chrm/Tloc      #.........   28%         2    ###....
c - Song of Slaying       Chrm           ##......     14%         2    ###....
d - Regeneration          Chrm/Necr      #.........   58%         3    ###....


Dungeon Overview and Level Annotations

Branches:
Dungeon (3/15)

Altars:

Annotations:
D:3 Natasha


Innate Abilities, Weirdness & Mutations

You have razor-sharp teeth.
You have supernaturally acute eyesight. (SInv)
You can survive without breathing.


Message History

Natasha misses you. Natasha claws you.
Your shroud falls apart!
You hit Natasha. You bite Natasha.
Natasha is almost dead.
Natasha drinks a potion.
Natasha is healed!
Natasha hisses.
Natasha claws you.
You barely miss Natasha. Natasha misses you.
You riposte.
You miss Natasha. You closely miss Natasha. Natasha claws you!
You block Natasha's attack.
You miss Natasha.
Natasha stares at you and mumbles some strange words.
The magic dart hits you!
* * * LOW HITPOINT WARNING * * *
Natasha claws you!
* * * LOW HITPOINT WARNING * * *
You hit Natasha.
Natasha is lightly wounded.
Your magical infusion is running out.
Natasha claws you.
You die...

.[.# ...# ...# ...# ...
##..$# ##..# #....#
#...# ##h...#..#
##...####.@.....#
##....#.....###### #
###.......###.#
.###.....#.# #.#
......##.#.#####.#####..
.......................#
#........#..............
.......................#
.>.....................#


You could see Natasha.

Vanquished Creatures
  2 adders
  4 gnolls (D:2)
  An ooze (D:3)
  A worm (D:2)
  A dart slug (D:1)
  A leopard gecko (D:2)
  4 orcs
  6 giant cockroaches
  7 goblins
  3 hobgoblins
  2 quokkas (D:3)
  A ball python (D:1)
  7 bats
  7 frilled lizards
  12 kobolds
  7 rats
66 creatures vanquished.

Notes
Turn   | Place    | Note
-------+----------+-------------------------------------------
     0 | D:1      | KarmaPolice the Vampire Skald began the quest for the Orb.
     0 | D:1      | Reached XP level 1. HP: 16/16 MP: 3/3
   253 | D:1      | Reached XP level 2. HP: 16/22 MP: 5/5
   532 | D:1      | HP: 1/22 [kobold/club (5)]
   829 | D:1      | Learned a level 2 spell: Shroud of Golubria
   832 | D:1      | Learned a level 2 spell: Song of Slaying
  1096 | D:2      | Reached XP level 3. HP: 24/27 MP: 0/6
  1186 | D:2      | Reached skill level 1 in Shields
  1649 | D:2      | Reached XP level 4. HP: 9/34 MP: 1/7
  2060 | D:1      | Learned a level 3 spell: Regeneration
  3409 | D:3      | Noticed Natasha
  3420 | D:3      | HP: 1/34 [Natasha (9)]
  3421 | D:3      | Slain by Natasha

Skill      XL: |  1  2  3 |
---------------+----------+-----
Fighting       | 2 |  2.9
Shields        | 1 |  1.6
Long Blades    | |  2.8
Armour         | |  0.7
Dodging        | |  1.1
Spellcasting   | |  2.6
Charms         | |  3.8

Action                   |  1- 3 |  4- 6 || total
-------------------------+-------+-------++-------
Melee: Falchion          |   113 |    85 ||   198
       Bite              |    14 |    10 ||    24
 Cast: Infusion          |     5 |     7 ||    12
       Shroud of Golubri |     2 |     7 ||     9
       Song of Slaying   |     2 |     3 ||     5
 Abil: End Transformatio |       |     2 ||     2
       Bat Form          |       |     2 ||     2
  Use: Potion            |       |     2 ||     2
 Stab: Sleeping          |     1 |       ||     1
  Eat: Corpse            |     1 |     4 ||     5
Armor: Leather armour    |    28 |    28 ||    56
Dodge: Dodged            |    78 |    55 ||   133
Block: Buckler           |    16 |    20 ||    36
       Rpst.: Falchion   |    23 |    21 ||    44
